 Dungeon Crawl Stone Soup version 0.24.0-123-gd5b16e6ec5 (webtiles) character file.

Game seed: 1620431090823913956, levelgen mode: deterministic

2235 Descartes the Covert (level 9, 0/43 HPs)
             Began as a Felid Monk on Dec 28, 2019.
             Succumbed to a hornet's poison
             ... on level 9 of the Dungeon.
             The game lasted 00:33:31 (12337 turns).

Descartes the Covert (Felid Monk)                  Turns: 12337, Time: 00:33:32

Health: 0/43       AC:  2    Str: 10    XL:     9   Next: 14%
Magic:  2/15       EV: 30    Int: 11    God:
Gold:   399        SH:  0    Dex: 18    Spells: 13/14 levels left
                                        Lives:  0   Deaths: 2

rFire    . . .     SeeInvis +     - Unarmed
rCold    . . .     Gourm    .   (shield unavailable)
rNeg     . . .     Faith    .   (armour unavailable)
rPois    .         Spirit   +   (helmet unavailable)
rElec    .         Reflect  .   (cloak unavailable)
rCorr    .         Harm     .   (gloves unavailable)
MR       ++...     Clarity  +   (boots unavailable)
Stlth    +++++.....             c - amulet of guardian spirit
HPRegen  0.14/turn              b - +2 ring of evasion
MPRegen  0.14/turn              k - +2 ring of evasion

@: lethally poisoned (0 -> -9), slowed, slow
A: very small, no armour, no weapons or thrown items, stealth, claws 1, fangs 3,
horns 1, see invisible, carnivore, clarity, dopey 1, speed 1, magic resistance
1, shaggy fur 2, slow metabolism 1, sharp paws
a: no special abilities


You were on level 9 of the Dungeon.
You were not hungry.

You visited 2 branches of the dungeon, and saw 11 of its levels.
You also visited: Ossuary.

You collected 399 gold pieces.

Inventory:

Missiles
 e - 140 arrows
 l - 255 stones
Jewellery
 b - a +2 ring of evasion (left paw)
 c - an amulet of guardian spirit (around neck)
 k - a +2 ring of evasion (right paw)
 u - an uncursed ring of ice
 I - an uncursed ring of flight {unknown}
Wands
 n - a wand of random effects (10)
 y - a wand of flame (10)
 C - a wand of disintegration (8)
 D - a wand of polymorph (7)
Scrolls
 i - 4 scrolls of magic mapping
 j - 4 scrolls of teleportation {unknown}
 m - 9 scrolls of remove curse
 p - 3 scrolls of noise {unknown}
 r - a scroll of blinking {unknown}
 s - 3 scrolls of amnesia {unknown}
 t - 2 scrolls of immolation
 w - 2 scrolls of enchant armour {unknown}
 x - 4 scrolls of fog {unknown}
 z - a scroll of summoning
 A - a scroll of fear {unknown}
 B - 6 scrolls of identify
 E - a scroll of random uselessness {unknown}
Potions
 d - 2 potions of ambrosia {unknown}
 f - 2 potions of flight
 g - a potion of experience {unknown}
 h - a potion of curing
 o - 6 potions of might
 F - a potion of haste {unknown}
 H - a potion of agility {unknown}
Comestibles
 a - 11 rations


   Skills:
 + Level 7.4 Fighting
 + Level 9.7 Dodging
 + Level 10.2 Stealth
 * Level 10.2 Unarmed Combat
 + Level 3.4 Spellcasting
 + Level 4.2 Hexes
 + Level 5.4 Evocations


You had 13 spell levels left.
You knew the following spells:

 Your Spells              Type           Power        Failure   Level  Hunger
a - Confusing Touch       Hex            ##....       4%          1    #......

Your spell library contained the following spells:

 Spells                   Type           Power        Failure   Level  Hunger
 Corona                   Hex            ##.....      4%          1    #......
 Slow                     Hex            ##......     7%          2    ###....
 Confuse                  Hex            ##......     13%         3    ###....
 Magic Dart               Conj           #...         26%         1    #......
 Inner Flame              Hex/Fire       #.......     32%         3    ###....
 Blink                    Tloc           N/A          36%         2    ###....
 Call Imp                 Summ           #.......     36%         2    ###....
 Cause Fear               Hex            ##........   41%         4    #####..
 Conjure Flame            Conj/Fire      #.......     58%         3    ###....
 Gell's Gravitas          Tloc           #.........   58%         3    ###....
 Mephitic Cloud           Conj/Pois/Air  #.......     58%         3    ###....
 Leda's Liquefaction      Hex/Erth       #.........   71%         4    #####..
 Petrify                  Tmut/Erth      #.......     94%         4    #####..
 Metabolic Englaciation   Hex/Ice        #.........   96%         5    ######.
 Yara's Violent Unravell  Hex/Tmut       #.........   96%         5    ######.
 Portal Projectile        Hex/Tloc       Unusable     N/A         3    N/A

Dungeon Overview and Level Annotations

Branches:
Dungeon (10/15)            Temple (1/1) D:5            Lair (0/6) D:10
Ossuary (visited)
    Orc: D:9-12

Altars:
Ashenzari
Cheibriados
Dithmenos
Elyvilon
Fedhas
Gozag
Hepliaklqana
Kikubaaqudgha
Makhleb
Nemelex Xobeh
Okawaru
Qazlal
Ru
Sif Muna
Trog
Uskayaw
Vehumet
Wu Jian
Xom
Yredelemnul
Zin
The Shining One

Shops:
D:4 %   D:6 %=

Annotations:
D:10 2 transporters, Curus's ghost, novice GrGl; Erolcha; Josephine


Innate Abilities, Weirdness & Mutations

You cannot wear armour.
You are incapable of wielding weapons or throwing items.
Your paws allow you to move quietly. (Stealth)
You have sharp claws.
You have razor-sharp teeth.
You have supernaturally acute eyesight. (SInv)
You are carnivorous and can eat meat at any time.
You cover ground quickly.
You are covered in thick fur. (AC +2)
You have a slow metabolism.
Your sharp claws are effective at attacking unaware monsters.
You have a pair of small horns on your head.
You possess an exceptional clarity of mind.
You are dopey. (Int -2)
You are resistant to hostile enchantments. (MR+)


Message History

You feel as though you will be slow longer.
You can move again.
You scratch the hornet but do no damage.
Your bite misses the hornet.
The hornet is moderately wounded.
* * * LOW HITPOINT WARNING * * *
You feel sick. The hornet misses you. The hornet completely misses you.
You scratch the hornet.
The hornet is heavily wounded.
* * * LOW HITPOINT WARNING * * *
You feel sick. The hornet completely misses you. The hornet barely misses you.
You mangle the hornet!!
You headbutt the hornet, but do no damage.
Your bite misses the hornet.
The hornet is almost dead.
* * * LOW HITPOINT WARNING * * *
You feel sick. The hornet misses you. The hornet closely misses you.
You barely miss the hornet.
The hornet is almost dead.
You die...

#........##.........#
#........##.........#
######...##.........#
##..##.........#
#..############ #..#
#.)# #..# ##@# #y#
#.# #.# #.# #.# #.#
#.# #.#


You could see a hornet.

Vanquished Creatures
  2 two-headed ogres
  A death yak (D:10)
  Pikel (D:4)
  2 centaur zombies (D:10)
  Psyche (D:8)
  A hippogriff (D:9)
  Sigmund (D:2)
  A wraith (Ossuary)
  Eustachio (D:4)
  Edmund (D:4)
  Duvessa (D:4)
  2 porcupines (D:10)
  2 orc warriors
  A sky beast (D:9)
  4 ice beasts
  2 phantoms
  An ogre (D:9)
  4 centaurs
  A necrophage (D:10)
  A big kobold (D:10)
  A bullfrog (D:10)
  Dowan (D:4)
  2 scorpions
  A water moccasin skeleton (D:8)
  4 killer bees
  3 howler monkeys (D:10)
  5 crimson imps
  5 hounds
  6 orc priests
  4 bullfrog skeletons
  10 orc wizards
  Natasha (thrice) (D:2)
  4 iguanas
  9 worker ants
  A hound skeleton (D:6)
  3 mummies (Ossuary)
  Robin (D:4)
  4 gnolls (D:5)
  A howler monkey skeleton (D:10)
  11 adders
  3 shadow imps
  2 oozes
  An adder zombie (D:7)
  An adder skeleton (D:5)
  5 worms
  4 dart slugs
  7 leopard geckos
  34 orcs
  3 giant cockroaches
  15 goblins
  7 hobgoblins
  3 jackals (D:2)
  3 quokkas
  3 ball pythons
  11 bats
  5 frilled lizards
  2 goblin skeletons (D:9)
  6 goblin zombies
  4 hobgoblin zombies
  A jackal zombie (D:4)
  13 kobolds
  A kobold skeleton (D:9)
  4 kobold zombies
  A leopard gecko skeleton (D:6)
  An orc skeleton (D:9)
  8 rats
258 creatures vanquished.

Notes
Turn   | Place    | Note
-------+----------+-------------------------------------------
     0 | D:1      | Descartes the Felid Monk began the quest for the Orb.
     0 | D:1      | Reached XP level 1. HP: 10/10 MP: 2/2
   119 | D:1      | Reached XP level 2. HP: 14/14 MP: 3/3
   509 | D:2      | Reached XP level 3. HP: 15/17 MP: 4/4
   602 | D:2      | Noticed Natasha
   610 | D:2      | Killed Natasha
  1086 | D:2      | Noticed Sigmund
  1098 | D:2      | Killed Sigmund
  1098 | D:2      | Reached skill level 5 in Dodging
  1098 | D:2      | Reached XP level 4. HP: 9/22 MP: 5/5
  1098 | D:2      | Reached XP level 5. HP: 11/25 MP: 6/6
  1645 | D:2      | Noticed Natasha
  1658 | D:2      | Killed Natasha
  1658 | D:2      | Gained mutation: You are covered in thick fur. (AC +2)
                  | [Felid growth]
  1658 | D:2      | Reached XP level 6. HP: 23/28 MP: 4/7
  1999 | D:2      | Noticed Natasha
  2011 | D:2      | Killed Natasha
  2343 | D:2      | Reached skill level 5 in Unarmed Combat
  2932 | D:3      | Reached skill level 5 in Stealth
  2932 | D:3      | Reached skill level 1 in Spellcasting
  3063 | D:3      | Reached skill level 1 in Evocations
  3438 | D:4      | Noticed Duvessa
  3438 | D:4      | Noticed Dowan
  3495 | D:4      | Reached XP level 7. HP: 33/33 MP: 9/9
  3510 | D:4      | Found a sand-covered staircase.
  3518 | Ossuary  | Entered an ossuary
  3518 | Ossuary  | Noticed a wraith
  3518 | Ossuary  | Noticed a wraith
  3518 | Ossuary  | Noticed a wraith
  3667 | Ossuary  | Noticed a wraith
  3675 | Ossuary  | Killed a wraith
  3984 | D:4      | Noticed Edmund
  4178 | D:3      | Gained mutation: You are dopey. (Int -2) [potion of
                  | mutation]
  4178 | D:3      | Gained mutation: You possess an exceptional clarity of
                  | mind. [potion of mutation]
  4178 | D:3      | Gained mutation: You have a pair of small horns on your
                  | head. [potion of mutation]
  4178 | D:3      | Gained mutation: You are resistant to hostile enchantments.
                  | (MR+) [potion of mutation]
  4204 | D:4      | Killed Edmund
  4477 | D:4      | Noticed Eustachio
  4480 | D:4      | Killed Eustachio
  4480 | D:4      | Reached skill level 5 in Fighting
  4480 | D:4      | Reached XP level 8. HP: 37/37 MP: 9/11
  4537 | D:4      | Noticed Robin
  4545 | D:4      | Killed Robin
  5028 | D:4      | Found Kaomuseh's Food Emporium.
  5317 | D:4      | Killed Duvessa
  5323 | D:4      | Killed Dowan
  5341 | D:4      | Noticed Pikel
  5351 | D:4      | Killed Pikel
  5567 | D:4      | Found a blossoming altar of Fedhas.
  5612 | D:4      | Reached XP level 9. HP: 11/41 MP: 4/13
  6222 | D:5      | Entered Level 5 of the Dungeon
  6257 | D:5      | Found a staircase to the Ecumenical Temple.
  6799 | D:5      | Found a white marble altar of Elyvilon.
  7123 | Temple   | Entered the Ecumenical Temple
  7287 | D:6      | Found Botiefi's Food Shop.
  7498 | D:6      | Found an iron altar of Okawaru.
  7730 | D:6      | Found Doohoah's Jewellery Emporium.
  8258 | D:7      | Found a shimmering altar of Xom.
  8260 | D:7      | Found a sparkling altar of Nemelex Xobeh.
  8260 | D:7      | Found an opulent altar of Gozag.
  8264 | D:7      | Found a radiant altar of Vehumet.
  8960 | D:7      | Found a shimmering blue altar of Sif Muna.
  8960 | D:7      | Found a shattered altar of Ashenzari.
  9338 | D:8      | Noticed Psyche
  9343 | D:8      | Killed Psyche
  9343 | D:8      | Reached skill level 5 in Evocations
  9941 | D:8      | Found a hazy altar of Hepliaklqana.
 10283 | D:8      | Reached XP level 10. HP: 24/46 MP: 7/14
 10779 | D:9      | Found a glowing golden altar of the Shining One.
 10902 | D:9      | Learned a level 1 spell: Confusing Touch
 11050 | D:9      | Noticed a moth of wrath
 11052 | D:9      | Found a bloodstained altar of Trog.
 11121 | D:9      | Noticed a two-headed ogre
 11126 | D:9      | Killed a two-headed ogre
 11261 | D:9      | Found a burning altar of Makhleb.
 11396 | D:10     | Entered Level 10 of the Dungeon
 11567 | D:10     | Noticed a two-headed ogre
 11579 | D:10     | Killed a two-headed ogre
 11579 | D:10     | Reached skill level 10 in Unarmed Combat
 11750 | D:10     | Noticed Erolcha
 11789 | D:10     | Noticed Josephine
 11794 | D:10     | Reached skill level 10 in Stealth
 11817 | D:10     | Killed from afar by Josephine
 11818 | D:10     | Reached XP level 9. HP: -7/43 MP: 0/14
 12081 | D:10     | Noticed Curus's ghost (novice GrGl)
 12081 | D:10     | Noticed a gargoyle
 12083 | D:10     | Found a transporter.
 12085 | D:10     | Noticed an ice dragon
 12169 | D:10     | Noticed a death yak
 12169 | D:10     | Noticed a death yak
 12171 | D:10     | Found a staircase to the Lair.
 12173 | D:10     | Noticed a death yak
 12195 | D:10     | Killed a death yak
 12195 | D:10     | Reached XP level 10. HP: 18/47 MP: 7/16
 12200 | D:10     | HP: 3/70 [death yak (3)]
 12202 | D:10     | Mangled by a death yak
 12203 | D:10     | Reached XP level 9. HP: -8/64 MP: 0/15
 12258 | D:10     | Found a transporter.
 12331 | D:9      | Paralysed by a hornet for 3 turns
 12336 | D:9      | HP: 1/43 [poisoned by a hornet]
 12337 | D:9      | Succumbed to a hornet's poison

Levels and vault maps discovered:
D:1:      zaba_arrival_water, layout_basic
D:2:      minmay_chambers_of_ones, layout_loops_corners, uniq_natasha,
          uniq_sigmund
D:3:      layout_loops_ring, kennysheep_pointless_box
D:4:      layout_loops_cross, fedhas_bush_and_centaur_altar, serial_shops,
          nicolae_shop_temple_entry_statues_fountains,
          chequers_ossuary_entry_cave, corexii_shack, minmay_quantized,
          uniq_pikel, uniq_edmund, uniq_duvessa, uniq_eustachio, uniq_robin
D:5:      layout_rooms, minmay_temple_entry_statues, first_ration,
          grunt_decor_fettered, elyvilon_altar_3
D:6:      layout_loops_ring, old_standard_altar, serial_shops,
          nicolae_shop_stone, shop
D:7:      layout_loops_cross, minitemple,
          chequers_temple_overflow_statue_of_worship
D:8:      layout_basic, lemuel_crystal_altar, uniq_psyche
D:9:      layout_basic, kennysheep_mini, tgw_trog, nicolae_tso_besieged_by_evil,
          nrook_mini_vaults
D:10:     layout_stronghold, dpeg_lair_monsters, gammafunk_ghost_arena,
          uniq_josephine, uniq_erolcha
Temple:   compressed_dpeg_circular_temple

Skill      XL: |  1  2  3  4  5  6  7  8  9 10 |
---------------+-------------------------------+-----
Stealth        | 3 4 5 6 7 8 10 | 10.2
Dodging        | 5 6 7 8 9 |  9.7
Unarmed Combat | 4 5 6 7 9 10 | 10.2
Fighting       | 4 5 6 7 |  7.4
Spellcasting   | 1 2 3 |  3.4
Evocations     | 1 2 4 5 |  5.4
Hexes          | 4 3 |  4.2

Action                   |  1- 3 |  4- 6 |  7- 9 | 10-12 || total
-------------------------+-------+-------+-------+-------++-------
Melee: Unarmed           |    71 |   160 |   485 |   154 ||   870
       Bite              |     9 |    14 |    51 |    18 ||    92
       Punch             |     1 |     2 |    12 |     9 ||    24
       Headbutt          |       |       |    68 |    23 ||    91
  Use: Scroll            |       |     3 |     7 |       ||    10
       Potion            |       |       |     4 |     3 ||     7
 Stab: Sleeping          |    10 |    15 |    22 |    14 ||    61
       Distracted        |       |       |     1 |       ||     1
  Eat: Chunk             |     7 |     5 |    14 |     3 ||    29
Armor: Skin              |     3 |    11 |    10 |    10 ||    34
Dodge: Dodged            |    46 |   124 |   464 |   171 ||   805
